 Dungeon Crawl Stone Soup version 0.15-a0-1363-g87d8b17 (webtiles) character file.

380 Quh the Cudgeler (level 6, -5/47 HPs)
             Began as a Demonspawn Abyssal Knight on June 9, 2014.
             Was an Elder of Lugonu.
             Killed by divine providence
             ... invoked by an orc priest
              (12 damage)
             ... on Level 3 of the Dungeon.
             The game lasted 00:19:40 (4428 turns).

Quh the Cudgeler (Demonspawn Abyssal Knight)        Turns: 4428, Time: 00:19:41

HP  -5/47        AC 11     Str 15      XL: 6   Next: 46%
MP   8/8         EV  8     Int 13      God: Lugonu [****..]
Gold 71          SH  0     Dex 12      Spells:  0 memorised,  5 levels left

rFire  . . .     SeeInvis .     a - +2,+1 mace
rCold  . . .     Clarity  .     e - +0 scale mail (curse)
rNeg   . . .     rCorr    .     (no shield)
rPois  .         rRot     .     (no helmet)
rElec  .         Spirit   .     (no cloak)
SustAb .         Warding  .     r - +2 pair of gloves
rMut   .         Stasis   .     (no boots)
Gourm  .                        (no amulet)
MR     .....                    (no ring)
                                (no ring)

@: not resistant to hostile enchantments, extremely unstealthy
A: thin metallic scales 1
a: Depart the Abyss, Bend Space, Banish, Corrupt, Renounce Religion


You were on level 3 of the Dungeon.
You worshipped Lugonu.
Lugonu was greatly pleased with you.
You were not hungry.

You visited 1 branch of the dungeon, and saw 3 of its levels.
You visited the Abyss 1 time.

You collected 71 gold pieces.

Inventory:

Hand weapons
 a - a +2,+1 mace (weapon)
 C - a +1,+0 flail of crushing
 D - a +2,+2 whip
 H - a +0,+0 sling
Missiles
 n - 98 stones
 p - 14 arrows
 q - 11 exploding sling bullets
 t - 6 tomahawks (quivered)
 z - 5 silver tomahawks
Armour
 b - a +0 leather armour
 e - a cursed +0 scale mail (worn)
 r - a +2 pair of gloves (worn)
Comestibles
 c - 4 bread rations
 g - 3 meat rations
 h - 2 fruits
Scrolls
 d - 2 scrolls of identify
 k - a scroll of blinking
 s - a scroll of immolation {unknown}
 v - a scroll of remove curse {unknown}
 x - a scroll of teleportation
 E - a scroll of random uselessness {unknown}
Jewellery
 y - a cursed amulet of warding {unknown}
Potions
 f - a potion of lignification
 i - a potion of degeneration
 j - a potion of haste {unknown}
 l - a potion of confusion {unknown}
 m - a potion of beneficial mutation {unknown}
 o - a potion of brilliance {unknown}
 u - a potion of heal wounds
 w - a potion of might {unknown}
 B - a potion of restore abilities {unknown}


   Skills:
 - Level 3.0 Fighting
 * Level 6.3 Maces & Flails
 - Level 1.7 Armour
 - Level 0.8 Dodging
 - Level 2.4 Invocations


You had 5 spell levels left.
You didn't know any spells.

Dungeon Overview and Level Annotations

Branches:
Dungeon (3/15)

Altars:
Qazlal


Innate Abilities, Weirdness & Mutations

You are partially covered in thin metallic scales (AC +2).


Message History

The orc hits you with an uncursed war axe!
The orc wizard gestures wildly while chanting.
The orc wizard blinks!
The orc priest becomes somewhat translucent.
The orc unwields an uncursed war axe.
The orc wields an uncursed sling.
The orc shoots a stone.
The stone barely misses you.
The orc wizard mumbles some strange words.
The orc wizard blinks!
You see here 2 stones.
The orc shoots a stone.
The stone barely misses you.
You see here a stone.
The orc shoots a stone.
The stone hits you but does no damage.
The orc priest calls down the wrath of Beogh upon you.
Something smites you!
* * * LOW HITPOINT WARNING * * *
You see here 2 stones.
The orc shoots a stone.
The stone hits you but does no damage.
The orc priest mumbles some strange prayers to Beogh against you.
Something smites you!
You die...

#.#
#...............#
#)#
##o###########.##
#.# #b# #.# #.#
##o# #.# #.# #..#
#.# #.# #(## #.#
#.# #(# #.# #.#
#(# #.# #.# #@#
#.# #.# #(# #.#
#.# #(# #.# #.#
#.# #.# #.# #.#
#.# #.#
######.### #.#
#.# #........#
########.###
##.####.###.##.#
#..........#
#....##<# #<##.#
#.#####.....


You could see an orc priest, an orc and a bat.

Vanquished Creatures
  The ghost of Chiseanne the Skirmisher, a weakling OgMo (D:3)
  2 orc wizards (D:3)
  Terence (D:3)
  12 gnolls (D:3)
  An adder (D:2)
  A shadow imp (D:3)
  3 giant geckos
  2 oozes (D:2)
  8 orcs (D:3)
  29 goblins
  28 hobgoblins
  4 jackals (D:1)
  2 quokkas (D:2)
  A ball python (D:3)
  7 bats (D:2)
  2 giant newts (D:2)
  7 kobolds
  6 rats
117 creatures vanquished.

Notes
Turn   | Place    | Note
--------------------------------------------------------------
     0 | Abyss:1  | Quh, the Demonspawn Abyssal Knight, began the quest for the Orb.
     0 | Abyss:1  | Reached XP level 1. HP: 18/18 MP: 1/1
    65 | Abyss:1  | Noticed a small abomination
    89 | Abyss:1  | Noticed an insubstantial wisp
   132 | Abyss:1  | Noticed a ynoxinul
   134 | Abyss:1  | Noticed a starcursed mass
   136 | D:1      | Escaped the Abyss
   446 | D:1      | Gained mutation: You are partially covered in thin metallic scales (AC +2). [demonic ancestry]
   446 | D:1      | Reached XP level 2. HP: 12/24 MP: 2/2
   477 | D:1      | Acquired Lugonu's first power
  1244 | D:2      | Reached XP level 3. HP: 29/29 MP: 4/4
  1293 | D:2      | Found a stormy altar of Qazlal.
  1560 | D:2      | Acquired Lugonu's second power
  2159 | D:3      | Noticed Chiseanne's ghost (weakling OgMo)
  2186 | D:3      | Killed Chiseanne's ghost
  2186 | D:3      | Reached skill level 4 in Maces & Flails
  2186 | D:3      | Reached XP level 4. HP: 18/35 MP: 5/5
  2489 | D:3      | Reached XP level 5. HP: 38/41 MP: 6/6
  2697 | D:3      | Reached skill level 5 in Maces & Flails
  2857 | D:3      | Acquired Lugonu's third power
  3589 | D:3      | Reached XP level 6. HP: 36/47 MP: 8/8
  3622 | D:3      | Reached skill level 6 in Maces & Flails
  3959 | D:3      | Acquired Lugonu's fourth power
  4166 | D:3      | Noticed Terence
  4201 | D:3      | Killed Terence
  4221 | D:3      | Noticed a big kobold
  4428 | D:3      | Killed from afar by an orc priest

Action                   |  1- 3 |  4- 6 || total
-------------------------+-------+-------++-------
Melee: Mace              |   156 |   283 ||   439
Throw: Tomahawk          |     7 |     9 ||    16
Invok: Depart the Abyss  |     1 |       ||     1
  Use: Scroll            |     5 |     4 ||     9
       Potion            |     1 |     1 ||     2
